[Event "Italian-ch Semifinal 2022"]
[Site "Acqui Terme"]
[Date "2022.06.15"]
[Round "3.1"]
[White "Barp, Alberto"]
[Black "Carnicelli, Valerio"]
[Result "1-0"]
[ECO "D23"]
[WhiteElo "2384"]
[BlackElo "2319"]
[Annotator "TA"]
[PlyCount "133"]
[EventDate "2022.06.15"]
[EventType "swiss"]
[EventCountry "ITA"]
[SourceTitle "playchess.com"]
[Source "ChessBase"]
[SourceQuality "1"]
[TimeControl "40/5400+30:1800+30"]

1. d4 d5 2. c4 c6 3. Nf3 Nf6 4. Qb3 dxc4 5. Qxc4 Bg4 6. Nbd2 e6 {[%emt 0:00:14] D23: Queen's Gambit Accepted: 3 Nf3 Nf6 sidelines.} 7. g3 Nbd7 8. Bg2 Be7 {[%emt 0:00:02] The position is equal.} 9. O-O O-O 10. Qb3 Nb6 11. a4 a5 12. Rd1 h6 13. h3 Bh5 {[%emt 0:00:30] [#]} 14. Nf1 $146 ({Predecessor:} 14. g4 Bg6 15. Ne5 Bh7 16. Nf1 Qc7 17. Bf4 Nbd5 18. Bh2 Bd6 19. Nd2 Qe7 20. Rac1 {1-0 (67) Pogonina,N (2472)-Charochkina,D (2337) Sochi 2022}) 14... Bb4 15. Ne3 {[%emt 0:07:26] Prevents Qd5.} (15. g4 $5 Bg6 16. Ne5 $11) 15... Rc8 16. Bd2 Nbd5 17. Bxb4 Nxb4 18. Rac1 Qc7 19. Nc4 Bxf3 20. Bxf3 Rfd8 21. Qe3 Ra8 22. Kg2 Na2 23. Rc2 Nb4 24. Rcc1 Na2 {[%emt 0:00:05] Pair of Knights!} 25. Rc2 Nb4 26. Rcd2 Rd7 27. Qe5 Ne8 28. Qc5 Rdd8 29. e4 Nd6 30. Ne3 Rac8 31. Qh5 Ne8 32. Nc4 Ra8 33. b3 Nd6 34. Ne3 Qe7 35. Qe5 Qc7 36. Rc1 {[%emt 0:09:52] White is more active.} Ne8 37. Qxc7 Nxc7 38. Rc5 Nba6 39. Rc1 Nb4 40. Rcd1 Kf8 41. Kf1 Ke7 42. Ke2 Kf8 43. h4 Ra6 44. Bg2 Ne8 45. d5 exd5 46. exd5 cxd5 47. Nxd5 ({White should try} 47. Bxd5 $16 Nxd5 48. Rxd5 Rxd5 49. Rxd5 (49. Nxd5 Rc6 $11)) 47... Nxd5 $11 48. Rxd5 Re6+ 49. Kd2 (49. Kd3 {looks sharper.} Rdd6 50. b4 axb4 51. Rb1) 49... Rxd5+ 50. Bxd5 {[%emt 0:00:02][%mdl 4096] Endgame KRB-KRN} Rd6 51. Kc2 b6 52. Rd3 Nc7 53. Bc4 Rxd3 (53... Rf6 $11) 54. Kxd3 {[%emt 0:00:01] KB-KN} ({But not} 54. Bxd3 Ke7 $11) 54... Ke7 55. Ke4 g6 $2 {[%emt 0:01:00] A mistake that costs the game.} (55... f6 $16) 56. f4 $18 f6 57. g4 $1 Kf8 $2 (57... Kd6 {might work better.} 58. Bf7 Ne6) 58. Kd4 Ke7 {[%emt 0:00:04] [#]} 59. h5 $1 gxh5 60. gxh5 Ne6+ {[%emt 0:00:10] [#]} 61. Kd5 $1 {[%emt 0:02:21] aiming for Kc6.} Nxf4+ (61... Kd7 $142 62. Bb5+ Ke7) 62. Kc6 Nxh5 63. Kxb6 {[%emt 0:00:02] Threatens to win with b4.} Nf4 64. b4 axb4 65. a5 {[%emt 0:00:07][%cal Ba4a5,Ba5a6][%mdl 32] White mates.} Ne6 66. a6 Kd6 67. Bxe6 {[%emt 0:02:46] Weighted Error Value: White=0.07 (flawless) /Black=0.19 (very precise)} 1-0

[Event "Italian-ch Semifinal 2022"]
[Site "Acqui Terme"]
[Date "2022.06.15"]
[Round "3.2"]
[White "Lumachi, Gabriele"]
[Black "Boraso, Alessio"]
[Result "0-1"]
[ECO "E14"]
[WhiteElo "2347"]
[BlackElo "2287"]
[Annotator "TA"]
[PlyCount "48"]
[EventDate "2022.06.15"]
[EventType "swiss"]
[EventCountry "ITA"]
[SourceTitle "playchess.com"]
[Source "ChessBase"]
[SourceQuality "1"]
[TimeControl "40/5400+30:1800+30"]

1. d4 Nf6 2. Nf3 e6 3. e3 b6 4. Bd3 Bb7 5. Nbd2 d5 6. Ne5 Bd6 7. O-O c5 8. b3 Nbd7 9. f4 Qc7 10. Bb2 O-O 11. c4 Ne4 12. Rc1 (12. cxd5 $5 Nxd2 13. Qxd2 exd5 14. Rac1 $14) 12... f6 {[%emt 0:05:02] [#] E14: Queen's Indian: Classical Variation (4 e3).} 13. cxd5 $146 ({Predecessor:} 13. Nef3 Rae8 14. Qe1 Qb8 15. Qh4 Qd8 16. g4 f5 17. g5 cxd4 18. exd4 Bb4 19. Rc2 Qe7 20. Nb1 a5 21. Rg2 g6 22. c5 bxc5 23. a3 c4 {½-½ (23) Lee,H (1878)-Lee,C (1836) Port of Spain 2017}) 13... Nxd2 (13... exd5 $2 14. Nxe4 fxe5 15. Nxd6 (15. fxe5 dxe4 16. Bc4+ Kh8 $18) 15... Qxd6 16. dxe5 $18) 14. Nxd7 (14. Qxd2 $142 exd5 15. Ng4) 14... Nxf1 $11 {[%emt 0:01:17] Black has an edge.} 15. Qh5 $2 {[%emt 0:01:45][%mdl 8192] [#]} g6 $19 (15... Qxd7 $2 {is a self mate.} 16. Bxh7+ Kh8 17. Bg6+ Kg8 18. Qh7#) 16. Bxg6 (16. Qh3 $142 Qxd7 17. dxe6) 16... Qxd7 17. Bb1 Nd2 18. dxc5 Bxc5 19. Rxc5 bxc5 20. Qg4+ Kh8 21. Bd3 Qxd5 22. Bf1 Nf3+ 23. gxf3 Qxf3 {[%emt 0:00:43][%cal Rf3e3] [#]} 24. Qg5 Qxe3# {[%emt 0:00:26] White got outplayed after the opening.  Weighted Error Value: White=2.58/Black=1.39} 0-1

[Event "Italian-ch Semifinal 2022"]
[Site "Acqui Terme"]
[Date "2022.06.15"]
[Round "3.3"]
[White "Franciosi, Fausto"]
[Black "Lettieri, Giuseppe"]
[Result "0-1"]
[ECO "D27"]
[WhiteElo "2204"]
[BlackElo "2445"]
[Annotator "TA"]
[PlyCount "74"]
[EventDate "2022.06.15"]
[EventType "swiss"]
[EventCountry "ITA"]
[SourceTitle "playchess.com"]
[Source "ChessBase"]
[SourceQuality "1"]
[TimeControl "40/5400+30:1800+30"]

1. d4 Nf6 2. Nf3 d5 3. c4 e6 4. e3 a6 5. Nc3 dxc4 6. a4 c5 7. Bxc4 Nc6 8. O-O cxd4 9. exd4 Nb4 10. Bg5 Be7 11. Qe2 {[%emt 0:03:22][%cal Od4d5] D27: Queen's Gambit Accepted: Classical main line: 7 e4!? and 7 a4.} (11. Qb3 $5 ) 11... O-O 12. Rad1 Bd7 13. Rfe1 {[%emt 0:10:53] White has an edge.} Bc6 {[%emt 0:08:19] Inhibits d5.} 14. Ne5 {[%emt 0:05:41][%cal Oe5f7] Black must now prevent Nxf7!} Bd5 15. Nxd5 Nfxd5 {[%emt 0:01:32] [#]} 16. Bd2 $146 ({Predecessor:} 16. Bc1 Rc8 17. Bb3 Bg5 18. Qg4 Bxc1 19. Rxc1 Nf6 20. Qh4 Qb6 21. Bc4 Nc6 22. Nxf7 Rxf7 23. Bxe6 {½-½ (59) Quispe Alejo,O (1982)-Saavedra,C (2149) La Paz 2014}) 16... Rc8 17. Rc1 Qe8 18. Bb3 Rxc1 19. Rxc1 Bd6 20. g3 Qe7 21. h4 Rd8 22. h5 h6 23. Qf3 (23. a5 $11) 23... Bb8 (23... Bxe5 $15 24. dxe5 Nc6) 24. Re1 {[%emt 0:01:30] Threatens to win with Bxb4.} Nc6 (24... Bxe5 $5 25. dxe5 Nc6 $15) 25. Nxc6 bxc6 26. Qd3 Qb7 27. Bc2 {[%emt 0:01:45] And now Qh7+ would win.} Nf6 {[%emt 0:00:08] Against Qh7+} 28. b4 Ba7 29. Bc3 Kf8 30. Re5 Nd5 31. Bd2 (31. Re4 $15) 31... Qb6 ({Black should try} 31... Nxb4 $17 32. Qb3 Rb8) 32. Qh7 {[%emt 0:00:50][%mdl 8192] Loses the game.} (32. Re4 $15) 32... Qxd4 $19 33. Re2 Nf6 34. Qh8+ {[%emt 0:00:11] [#]} Ke7 $1 35. Qxg7 Rg8 36. Qxh6 {[%emt 0:00:26] Bg5 is the strong threat.} Rxg3+ 37. Kf1 {[%emt 0:00:07] [#]} Qg4 $1 {[%emt 0:01:49] Weighted Error Value: White=0.65/Black=0.08 (flawless)} 0-1

[Event "Italian-ch Semifinal 2022"]
[Site "Acqui Terme"]
[Date "2022.06.15"]
[Round "3.4"]
[White "Gioseffi, Massimiliano"]
[Black "Genocchio, Daniele"]
[Result "0-1"]
[ECO "C41"]
[WhiteElo "2136"]
[BlackElo "2365"]
[Annotator "TA"]
[PlyCount "66"]
[EventDate "2022.06.15"]
[EventType "swiss"]
[EventCountry "ITA"]
[SourceTitle "playchess.com"]
[Source "ChessBase"]
[SourceQuality "1"]
[TimeControl "40/5400+30:1800+30"]

1. d4 d6 2. e4 Nf6 3. Nc3 e5 4. Nf3 Nbd7 5. Bc4 Be7 6. O-O O-O 7. h3 {[%emt 0:07:06] 7.a4 is becoming the main line.} c6 8. dxe5 dxe5 {[%emt 0:02:12] C41: Philidor Defence.} 9. a4 Qc7 {[%emt 0:02:52] [#]} 10. Nh4 $146 ({Predecessor:} 10. Nh2 Nc5 11. Qf3 Be6 12. Bxe6 Nxe6 13. Be3 Bc5 14. Bxc5 Nxc5 15. Qe2 Ne6 16. Qc4 {0-1 (30) Aghasaryan,R (2443)-Hovhannisyan,R (2615) Yerevan 2013}) 10... Nc5 {[%emt 0:07:35] The position is equal.} 11. Qf3 Be6 12. Bxe6 fxe6 (12... Nxe6 $11 13. Nf5 Nd4 14. Nxd4 exd4) 13. Qe2 $16 Rad8 14. Bg5 Qb6 15. Bxf6 ({Better is} 15. Qc4 $16) 15... Rxf6 16. Nf3 $2 {[%emt 0:10:26] White is now going downhill.} (16. Rab1 $11) 16... Qxb2 $17 {[%emt 0:01:05] Black is more active.} 17. Qe3 (17. Na2 $17) 17... Qxc2 $19 18. Rac1 Qd3 19. Rfd1 Qxe3 20. fxe3 Rff8 21. Nxe5 Bf6 22. Nc4 Bxc3 23. Rxd8 Rxd8 24. Rxc3 {[%emt 0:00:09][%mdl 4096] Endgame KRN-KRN} Rd1+ ({But not} 24... Nxe4 $2 25. Rb3 Rd1+ 26. Kh2 $19) 25. Kh2 Nxa4 ({Wrong is} 25... Nxe4 $2 26. Rb3 Rc1 27. Ne5 $19) 26. Ra3 b5 27. Ne5 c5 28. Nc6 $2 (28. Kg3) 28... a6 {[%emt 0:02:47][%cal Ba7a6,Ba6a5][%mdl 32] [#] White must now prevent ...c4.} 29. e5 (29. Ne5 $142) 29... c4 {[%emt 0:00:05] Black is clearly winning.} 30. Nb4 c3 {[%emt 0:01:53] Hoping for ...a5.} 31. Ra2 a5 32. Nc2 Rd2 {[%emt 0:00:56][%cal Ob5b4] Strongly threatening ...b4!} 33. Kg3 {[%emt 0:00:32] [#]} Rxc2 $1 {[%emt 0:06:17] Weighted Error Value: White=1.31/Black=0.19 (very precise)} 0-1

[Event "Italian-ch Semifinal 2022"]
[Site "Acqui Terme"]
[Date "2022.06.15"]
[Round "3.5"]
[White "Corvi, Marco"]
[Black "Palozza, Christian"]
[Result "0-1"]
[ECO "E21"]
[WhiteElo "2318"]
[BlackElo "2284"]
[Annotator "TA"]
[PlyCount "74"]
[EventDate "2022.06.15"]
[EventType "swiss"]
[EventCountry "ITA"]
[SourceTitle "playchess.com"]
[Source "ChessBase"]
[SourceQuality "1"]
[TimeControl "40/5400+30:1800+30"]

1. d4 Nf6 2. c4 e6 3. Nc3 Bb4 4. e3 b6 5. Bd2 Bb7 6. Nf3 Bxc3 7. Bxc3 Ne4 {[%emt 0:00:06] E21: Nimzo-Indian: 4 Nf3.} 8. Qc2 f5 9. O-O-O Nxc3 {[%emt 0:10:09] The position is equal.} 10. Qxc3 d6 {[%emt 0:00:20] [#]} 11. h4 $146 (11. d5 $5 e5 12. h4 $11) ({Predecessor:} 11. Bd3 O-O 12. Rhe1 Be4 13. Qc2 Bxd3 14. Qxd3 Nd7 15. e4 Qf6 16. Kb1 Rad8 17. exf5 Qxf5 18. Qxf5 exf5 19. Ng5 Rfe8 {1-0 (46) Nilsson,A-Marin y Llovet,V London 1927}) 11... Qf6 12. Ng5 h6 13. Nf3 g6 14. c5 bxc5 15. Qb3 Bd5 16. Qa4+ Ke7 17. Rd2 ({White should play} 17. h5) 17... Nd7 $17 18. Bb5 Nb6 19. Qc2 c4 {[%emt 0:02:16] And now ...a6 would win.} 20. b3 (20. Ba6 $142) 20... Rab8 $19 21. Qc3 Bxf3 $2 {[%emt 0:07:10] [#]} (21... c5 $19 22. bxc4 cxd4 23. Qxd4 Rhc8 24. Qxf6+ Kxf6) 22. gxf3 $15 Nd5 (22... c5 $5 23. bxc4 Rhc8 $15) 23. Qxc4 c6 (23... c5 $5 24. e4 fxe4 25. fxe4 Qf3 $17) 24. Ba4 ({Don't blunder} 24. Qxc6 $2 Rhc8 25. Kb1 Rxc6 $19) (24. Ba6 $1 $11) 24... Rhc8 25. Qa6 Rc7 26. Qa5 {[%emt 0:00:28] [#]} (26. Kb1 $17 {was worth a try.}) 26... Rb6 $2 (26... c5 $1 $19 {[%cal Rc5d4] Strongly threatening ...cxd4+.} 27. Kb2 cxd4) 27. Rc2 $11 f4 28. Qd2 (28. e4 $1 $11 {keeps the balance.} Nb4 29. Rc4 Nd3+ 30. Kd2) 28... fxe3 $17 29. fxe3 Qxf3 30. Re1 Nb4 {[%emt 0:02:12] Black is more active.} ({Better is} 30... Qe4 $17 {Threatens to win with ...c5.} 31. Kb2 Nb4) 31. Rc4 $1 $11 Nd5 (31... Rcb7 $11) 32. Rc2 $17 Qe4 $36 {[%emt 0:00:32][%mdl 2048] Black is really pushing.} 33. a3 c5 34. Qf2 Rb8 {[%emt 0:01:26] White must now prevent ...Rf8. Really sharp!} 35. Qg3 $2 (35. dxc5 $17 Rxc5 36. Rxc5 dxc5 37. Qc2 Qxc2+ 38. Kxc2) 35... Rbc8 $19 36. Ree2 cxd4 37. b4 d3 {[%emt 0:00:29] Weighted Error Value: White=0.69/Black=0.23 (precise)} 0-1

[Event "Italian-ch Semifinal 2022"]
[Site "Acqui Terme"]
[Date "2022.06.15"]
[Round "3.7"]
[White "Pasini, Nicolo"]
[Black "Pisacane, Pietro"]
[Result "1-0"]
[ECO "C12"]
[WhiteElo "2227"]
[BlackElo "2138"]
[Annotator "TA"]
[PlyCount "107"]
[EventDate "2022.06.15"]
[EventType "swiss"]
[EventCountry "ITA"]
[SourceTitle "playchess.com"]
[Source "ChessBase"]
[SourceQuality "1"]
[TimeControl "40/5400+30:1800+30"]

1. e4 e6 2. d4 d5 3. Nc3 Nf6 4. Bg5 Bb4 5. e5 h6 6. Bd2 Bxc3 7. bxc3 Ne4 8. Bc1 Nxc3 9. Qg4 g6 10. Bd3 c5 11. dxc5 Qc7 {[%emt 0:00:15] C12: French: Classical System: McCutcheon Variation.} 12. Nf3 Nd7 {[%emt 0:00:49] [#]} 13. Be3 $146 ({Predecessor:} 13. Qb4 Qxc5 14. Qb3 d4 15. Ba3 Qb6 16. Qc4 Qa6 17. Qb4 Nd5 18. Qd6 Qa5+ 19. Nd2 {½-½ (43) Hofer,R (2360)-Owen,K (2382) ICCF email 2014}) 13... Ne4 ({Don't take} 13... Nxe5 14. Nxe5 Qxe5 15. O-O $14 (15. Qd4 f6 $16)) (13... Nxc5 $11 {remains equal.} 14. Qb4 N5e4) 14. Bxe4 $16 dxe4 15. Qxe4 Nxc5 16. Bxc5 Qxc5 17. O-O {[%emt 0:00:00] Active counter play!} Bd7 18. Qxb7 Bc6 19. Qc7 O-O 20. Nd4 Rac8 21. Qd6 Qxd6 22. exd6 Rfd8 23. Nxc6 Rxc6 $15 {[%emt 0:00:05][%mdl 4096] Endgame KRR-KRR} 24. Rfd1 Rxc2 25. Rd3 Kf8 26. g3 Rc6 27. Rad1 $1 Ke8 28. h4 h5 (28... Ra6 $5 ) 29. Kg2 Kd7 30. Rf3 f5 31. Ra3 Ra8 32. Rb1 Kxd6 33. Rb7 Rc7 {[%emt 0:02:30] Inhibits Rg7.} (33... Ke5 $11) 34. Ra6+ $14 Rc6 35. Rxc6+ Kxc6 {[%emt 0:00:02] KR-KR} 36. Rg7 a5 {[%emt 0:00:37] White now steadily converts the win.} (36... Kd6 $14) 37. Rxg6 $18 Kd5 38. Rh6 Rb8 39. Rxh5 Rb2 (39... Ke5 $142) 40. g4 $1 Ke5 ({Not} 40... Rxa2 41. gxf5 Ke5 42. fxe6+ Kxe6 43. Kg3 $14) 41. g5 $1 Rxa2 $2 (41... Rc2 42. Rh7 Rc4) 42. g6 $1 {[%emt 0:07:33] g7 would kill now.} Kf6 43. Rg5 {[%emt 0:00:07] Threatening mate with g7.} Kg7 {[%emt 0:00:11] [#]} 44. h5 $1 {[%emt 0:00:21][%cal Bh4h5,Bh5h6][%mdl 32] Hoping for Rg3.} Ra4 {[%emt 0:05:35] ( -> ...Rg4+)} 45. h6+ $1 Kg8 {[%emt 0:01:48] ...Rg4+ is the strong threat.} 46. Kh3 {[%emt 0:01:11] Inhibits Rg4.} (46. Kg3 $18 {is the precise move to win.} Rc4 47. f4) 46... Rg4 (46... Ra1 $16) 47. Rxg4 fxg4+ 48. Kxg4 {[%emt 0:00:05] K3P-KPP} a4 {[%emt 0:00:13] [#]} 49. Kg5 $1 a3 50. Kf6 a2 51. h7+ Kh8 52. g7+ Kxh7 53. Kf7 a1=Q 54. g8=Q+ {[%emt 0:00:10] Weighted Error Value: White=0.22 (precise) /Black=0.41} 1-0

[Event "Italian-ch Semifinal 2022"]
[Site "Acqui Terme"]
[Date "2022.06.15"]
[Round "3.8"]
[White "Caprino, Marco"]
[Black "Cocchi, Andrea"]
[Result "1/2-1/2"]
[ECO "B80"]
[WhiteElo "2071"]
[BlackElo "2205"]
[Annotator "TA"]
[PlyCount "54"]
[EventDate "2022.06.15"]
[EventType "swiss"]
[EventCountry "ITA"]
[SourceTitle "playchess.com"]
[Source "ChessBase"]
[SourceQuality "1"]
[TimeControl "40/5400+30:1800+30"]

1. e4 c5 2. Nc3 e6 3. Nge2 d6 4. g3 Nf6 5. Bg2 Nc6 6. d4 cxd4 7. Nxd4 Bd7 8. O-O Be7 9. Re1 a6 10. Nxc6 Bxc6 11. e5 dxe5 12. Bxc6+ bxc6 13. Qe2 {[%emt 0:03:18] B80: Sicilian Scheveningen: 6 g3 and 6 Be3, including English Attack.} Nd5 {[%emt 0:07:22] [#]} 14. Qxe5 $146 ({Predecessor:} 14. Qc4 Qc7 15. Na4 O-O 16. Bd2 Rfd8 17. Rad1 Qb8 18. a3 Qb5 19. Qxb5 cxb5 20. Nc3 Nxc3 21. Bxc3 {½-½ (51) Berg,G (2052)-La Comb,J Parsippany 2012}) 14... Bf6 15. Qe4 O-O 16. Na4 Qa5 {[%emt 0:04:16] Against Bd2} 17. c3 Rfd8 18. Be3 {[%emt 0:04:07] Against c5} Nxe3 19. Rxe3 Bd4 20. cxd4 {[%emt 0:05:32] The position is equal.} Qxa4 21. Ra3 Qxd4 (21... Qb4 {with more complications.} 22. Rb3 Qd2 23. Qxc6 Qxd4 24. Rc1 g6) 22. Qxd4 Rxd4 $11 {[%emt 0:00:04] KRR-KRR} 23. Rc1 Rd6 24. Rb3 g5 25. Rb6 a5 26. Rbxc6 Rd2 27. R1c2 Rd5 {[%emt 0:00:40] A balanced but interesting game.  Weighted Error Value: White=0.04 (flawless) /Black=0.03 (flawless)} 1/2-1/2

[Event "Italian-ch Semifinal 2022"]
[Site "Acqui Terme"]
[Date "2022.06.15"]
[Round "3.9"]
[White "Pegno, Mattia"]
[Black "Misiano, Franco"]
[Result "0-1"]
[ECO "D14"]
[WhiteElo "2065"]
[BlackElo "2195"]
[Annotator "TA"]
[PlyCount "76"]
[EventDate "2022.06.15"]
[EventType "swiss"]
[EventCountry "ITA"]
[SourceTitle "playchess.com"]
[Source "ChessBase"]
[SourceQuality "1"]
[TimeControl "40/5400+30:1800+30"]

1. d4 Nf6 2. Nf3 d5 3. c4 c6 4. cxd5 cxd5 5. Nc3 Nc6 6. Bf4 Bf5 7. Qb3 Na5 8. Qa4+ Bd7 9. Qc2 Rc8 {[%emt 0:04:12] D14: Slav Defence: Exchange variation with ...Bf5.} 10. e3 e6 11. Bd3 {[%emt 0:28:20] Inhibits Ne4.} Nc4 {[%emt 0:05:00] [#] The position is equal. Recently 11...Bb4 got a lot of attention.} 12. Ne5 $146 ({Predecessor:} 12. O-O Be7 13. h3 O-O 14. Ne5 b5 15. Qe2 Be8 16. a4 a6 17. axb5 axb5 18. Rfc1 Qb6 19. Rf1 Qd8 20. Rfc1 Qb6 21. Kh2 Nd7 22. b3 Ndxe5 23. dxe5 {½-½ (23) Li,C (2686)-Paragua,M (2550) Manila 2013}) 12... b5 13. Bxc4 (13. Qe2 $14) 13... bxc4 $11 14. O-O Be7 15. f3 O-O 16. Bg5 Ne8 17. Bxe7 Qxe7 18. e4 Nc7 19. Ng4 f6 20. e5 f5 $1 21. Nf2 Qb4 22. Nh3 Nb5 23. Nxb5 Bxb5 24. Qc3 a5 25. Nf4 Bd7 26. a3 (26. Qxb4 $11 {remains equal.} axb4 27. a3) 26... Qxc3 $17 27. bxc3 Rb8 28. Rab1 Rfc8 29. Ne2 ({Better is} 29. Rfc1) 29... Rb3 30. Rxb3 $2 {[%emt 0:00:21] [#] Loses the game.} (30. Ra1 $17 {is a better defense.}) 30... cxb3 {[%emt 0:00:05][%mdl 4096] Endgame KRB-KRN} 31. Rb1 $2 (31. Kf2 g5 32. f4) 31... a4 $19 32. Kf2 Bb5 33. Nf4 (33. Rb2 $142) 33... Rxc3 34. Ke1 Rc2 {[%emt 0:03:42] Against Rb2} 35. h4 Kf7 36. g3 Rh2 {[%emt 0:00:51] Black mates.} 37. Rc1 b2 38. Rc7+ Ke8 {[%emt 0:46:38] Weighted Error Value: White=0.63/Black=0.17 (very precise)} 0-1

[Event "Italian-ch Semifinal 2022"]
[Site "Acqui Terme"]
[Date "2022.06.15"]
[Round "3.10"]
[White "Floris, Federico"]
[Black "Andreoni, Giuseppe"]
[Result "1/2-1/2"]
[ECO "C54"]
[WhiteElo "1950"]
[BlackElo "2170"]
[Annotator "TA"]
[PlyCount "48"]
[EventDate "2022.06.15"]
[EventType "swiss"]
[EventCountry "ITA"]
[SourceTitle "playchess.com"]
[Source "ChessBase"]
[SourceQuality "1"]
[TimeControl "40/5400+30:1800+30"]

1. e4 e5 2. Nf3 Nc6 3. Bc4 Bc5 4. c3 Nf6 5. d4 exd4 6. e5 d5 7. Bb5 Ne4 8. cxd4 Bb6 9. Nc3 O-O 10. Be3 {[%emt 0:00:07] C54: Giuoco Piano: 4 c3 Nf6, main lines with 5 d4 and 5 d3.} f5 {[%emt 0:01:36] ...f4 is the strong threat.} 11. exf6 {[%emt 0:02:10] 11.g3 is vanishing.} (11. g3 {with more complications.} Ba5 12. Rc1 f4 13. gxf4 Ne7 14. Rg1) 11... Nxc3 12. bxc3 {[%emt 0:00:15] [#] Strongly threatening Bxc6.} Rxf6 $146 ({Predecessor:} 12... Qxf6 13. O-O Bg4 14. Be2 Bxf3 15. Bxf3 Rad8 16. Be2 Na5 17. a4 c6 18. Bd3 Bc7 {1-0 (42) Erigaisi,A (2632)-Ganguly,S (2627) Wijk aan Zee 2022}) 13. O-O Qd6 14. a4 a6 15. Be2 (15. Bxc6 $16 {[%cal Oa4a5] Threatens to win with a5!} bxc6 16. Bg5) 15... Bf5 16. Qb3 Re8 17. Rae1 h6 18. Bc1 Rfe6 19. Be3 Kh8 20. Qa2 Be4 21. Nd2 Bh7 22. Nf3 (22. Bf3 $14 {was preferrable.}) 22... Be4 23. Nd2 Bh7 24. Nf3 Be4 {[%emt 0:06:04] Weighted Error Value: White=0.20 (precise) /Black=0.14 (very precise)} 1/2-1/2

[Event "Italian-ch Semifinal 2022"]
[Site "Acqui Terme"]
[Date "2022.06.15"]
[Round "4.1"]
[White "Boraso, Alessio"]
[Black "Barp, Alberto"]
[Result "1/2-1/2"]
[ECO "C47"]
[WhiteElo "2287"]
[BlackElo "2384"]
[Annotator "TA"]
[PlyCount "39"]
[EventDate "2022.06.15"]
[EventType "swiss"]
[EventCountry "ITA"]
[SourceTitle "playchess.com"]
[Source "ChessBase"]
[SourceQuality "1"]
[TimeControl "40/5400+30:1800+30"]

1. e4 e5 2. Nf3 Nc6 3. Nc3 Nf6 4. a3 d5 5. Bb5 Nxe4 {[%emt 0:00:05] The position is equal.} 6. Qe2 {[%emt 0:00:19] C47: Scotch Four Knights and Four Knights with 4 g3.} Qd6 {[%emt 0:06:51] With the idea ...Nxc3.} 7. Nxe4 dxe4 8. Qxe4 Bd7 9. d4 O-O-O 10. dxe5 {[%emt 0:00:44] [#]} ({Don't go for} 10. Nxe5 $2 Nxe5 11. Bg5 (11. dxe5 $2 {gets mated.} Qd1+ 12. Kxd1 Bg4+ 13. Ke1 Rd1#) 11... Bxb5 $19) 10... Nxe5 11. Bxd7+ Rxd7 12. O-O Nxf3+ 13. Qxf3 Qd5 {[%emt 0:00:02] [#]} 14. Qxd5 $146 ({Predecessor:} 14. Qg3 h5 15. Bf4 h4 16. Qg4 h3 17. gxh3 f5 18. Qg6 Bc5 19. Rae1 Qf3 20. Qxf5 {1-0 (66) Tari,A (2634)-Potkin,V (2583) Moscow 2019}) 14... Rxd5 15. Be3 Bc5 16. Rfd1 Rhd8 17. Rxd5 Rxd5 18. Bxc5 Rxc5 19. Rc1 Rb5 20. Rb1 {[%emt 0:02:38] An interesting draw.  Weighted Error Value: White=0.00 (flawless) /Black=0.00 (flawless)} 1/2-1/2

[Event "Italian-ch Semifinal 2022"]
[Site "Acqui Terme"]
[Date "2022.06.15"]
[Round "4.2"]
[White "Lettieri, Giuseppe"]
[Black "Palozza, Christian"]
[Result "1-0"]
[ECO "A13"]
[WhiteElo "2445"]
[BlackElo "2284"]
[Annotator "TA"]
[PlyCount "91"]
[EventDate "2022.06.15"]
[EventType "swiss"]
[EventCountry "ITA"]
[SourceTitle "playchess.com"]
[Source "ChessBase"]
[SourceQuality "1"]
[TimeControl "40/5400+30:1800+30"]

1. Nf3 Nf6 2. g3 d5 3. Bg2 e6 4. O-O c5 5. c4 d4 6. e3 Nc6 7. exd4 cxd4 8. d3 Bd6 {[%emt 0:00:13] A13: English Opening: 1...e6.} 9. Re1 O-O 10. a3 {[%emt 0:03:33] is the legacy move (10.Bg5).} a5 {[%emt 0:00:08] Inhibits b4. The position is equal.} 11. Nbd2 Re8 12. Rb1 (12. Ng5 {looks sharper.} Be7 13. f4 a4 14. Nde4) 12... h6 {[%emt 0:03:21] [#]} 13. Nh4 $146 ({Predecessor:} 13. Qc2 Nd7 14. Ne4 Bf8 15. c5 a4 16. Bd2 Qc7 17. Qc4 b5 18. cxb6 Nxb6 19. Qc1 {½-½ (47) Wojtaszek,R (2724)-Oleksienko,M (2618) Lublin 2014}) 13... g5 14. Nhf3 e5 15. h4 g4 16. Nh2 Kh7 (16... h5 $5 ) 17. h5 (17. Bd5 $11) 17... Rg8 ({Black should try} 17... Ra6 $1 $15) 18. b4 $11 axb4 19. axb4 Nxb4 20. c5 $1 Bxc5 {[%emt 0:00:05] Threatens to win with ...Nbd5.} 21. Rxe5 Bd6 (21... Nxd3 $2 22. Qc2 Bd6 23. Qxd3+ Kg7 24. Reb5 $18) 22. Rb5 Na2 $132 {[%emt 0:04:45][%mdl 2048] ...Nc3 is the strong threat. Black is fighting back} (22... Nxd3 $2 23. Qc2 $18) 23. Ne4 Nxc1 (23... Be6 $5 ) 24. Qxc1 Be6 25. Rxb7 {[%emt 0:03:58] Black must now prevent Qc6.} Rc8 {[%emt 0:02:22] Inhibits Qc6.} 26. Qb2 (26. Qxc8 $5 Qxc8 27. Nxf6+ Kh8 28. Nxg8 Kxg8 29. Be4 $14) 26... Nxh5 27. Nf1 Bf8 $2 {[%emt 0:03:11] [#]} (27... Be7 $11 {and Black is okay.}) 28. Qb5 $1 $18 Nf6 29. Qe5 Bg7 30. Nd6 Rc7 {[%emt 0:08:30] [#]} 31. Nxf7 $1 Rxf7 $16 32. Qxe6 {[%emt 0:00:01] White is more active.} Rxb7 33. Rxb7 Re8 $2 (33... Kh8 $16) 34. Qf7 $18 Rg8 35. Nd2 Kh8 36. Ne4 Nxe4 $2 (36... Nh7 37. Qg6 Nf6) 37. Bxe4 Qg5 38. Re7 {[%emt 0:01:14] White wants to mate with Re8.} Rf8 39. Re8 Qc5 40. Qg6 Kg8 41. Re6 {[%emt 0:21:41] Threatening mate with Qh7+.} Qc1+ 42. Kg2 Qd2 43. Qh7+ {[%emt 0:00:41] White mates.} Kf7 44. Re5 Qd1 45. Bd5+ Kf6 46. Qf5# {[%emt 0:00:07] Weighted Error Value: White=0.11 (very precise) /Black=0.47} 1-0